 Dungeon Crawl Stone Soup version 0.30-a0-210-g01b79a254e (webtiles) character file.

Game seed: 2287662565172357183

20 sleeves the Poker (level 2, -1/24 HPs)
             Began as a Demonspawn Monk on Oct 4, 2022.
             Succumbed to a kobold's poison
             ... on level 1 of the Dungeon.
             The game lasted 00:00:28 (399 turns).

sleeves the Poker (Demonspawn Monk)                  Turns: 399, Time: 00:00:28

Health: -1/24      AC:  2    Str: 11    XL:     2   Next: 58%
Magic:  2/2        EV: 12    Int: 11    God:
Gold:   42         SH:  0    Dex: 15    Spells: 1/1 levels left

rFire   . . .      SeeInvis .    a - +0 spear
rCold   . . .      Faith    .    (no shield)
rNeg    . . .      Spirit   .    b - +0 robe
rPois   .          Reflect  .    (no helmet)
rElec   .          Harm     .    (no cloak)
rCorr   .          Rampage  .    (no gloves)
Will    .....                    (no boots)
Stlth   ++........               (no amulet)
HPRegen 0.24/turn                (no ring)
MPRegen 0.08/turn                (no ring)

@: lethally poisoned (-1 -> -16)
A: demonic magic 1
a: no special abilities


You were on level 1 of the Dungeon.
You visited 1 branch of the dungeon, and saw 1 of its levels.

You collected 42 gold pieces.

Inventory:

Hand Weapons
 a - a +0 spear (weapon)
Armour
 b - a +0 robe (worn)
Jewellery
 h - a +4 ring of protection
   (You found it on level 1 of the Dungeon)
Scrolls
 d - a scroll of fear {unknown}
 g - a scroll of identify {unknown}
Potions
 c - a potion of ambrosia
 e - a potion of mutation {unknown}
 f - a potion of degeneration {unknown}


   Skills:
 - Level 3.0 Fighting
 + Level 3.6 Polearms
 - Level 2.6 Dodging
 - Level 1.7 Stealth


You had one spell level left.
You didn't know any spells.
Your spell library was empty.

Dungeon Overview and Level Annotations

Branches:
Dungeon (1/15)

Altars:


Innate Abilities, Weirdness & Mutations

Spells you cast may paralyse adjacent enemies.


Message History

Welcome, sleeves the Demonspawn Monk.
If you return without finding the Orb of Zot, so far below, it's all over!
Press ? for a list of commands and other information.
Found a staircase leading out of the dungeon.
A bat comes into view.
A bat is nearby!
A bat is nearby!
You reach to attack!
The helpless bat fails to defend itself.
You hit the bat but do no damage. The bat hits you.
You barely miss the bat. The bat completely misses you.
You reach to attack!
You miss the bat. The bat closely misses you.
You hit the bat.
You kill the bat!
No target in view!
HP restored.
An endoplasm comes into view.
An endoplasm is nearby!
You reach to attack!
The helpless endoplasm fails to defend itself.
You hit the endoplasm.
The endoplasm is severely wounded.
You hit the endoplasm.
You kill the endoplasm!
No target in view!
No target in view!
As you open the door, it creaks loudly!
There is an open door here.
Found 4 boomerangs.
A jackal comes into view.
Found 6 gold pieces and a scroll labelled CYOBLO BAFUE.
The jackal barks!
You reach to attack!
You hit the jackal but do no damage.
A jackal comes into view.
The jackal closely misses you.
You closely miss the jackal. The jackal barely misses you.
The jackal barks!
You hit the jackal.
The jackal is severely wounded.
The jackal closely misses you.
You hit the jackal but do no damage.
The jackal is severely wounded.
The jackal bites you but does no damage.
You hit the jackal but do no damage. The jackal bites you.
You hit the jackal but do no damage.
The jackal is severely wounded.
The jackal bites you. The jackal misses you.
You hit the jackal.
You kill the jackal!
The jackal bites you but does no damage.
The jackal bites you.
You miss the jackal. The jackal misses you.
A jackal is nearby!
A jackal is nearby!
You miss the jackal. The jackal misses you.
You hit the jackal.
The jackal is moderately wounded.
The jackal misses you. The jackal bites you.
You miss the jackal.
The jackal is moderately wounded.
The jackal bites you.
You are too injured to fight recklessly!
You are too injured to fight recklessly!
You are too injured to fight recklessly!
You are too injured to fight recklessly!
You are too injured to fight recklessly!
You are too injured to fight recklessly!
You are too injured to fight recklessly!
You are too injured to fight recklessly!
You are too injured to fight recklessly!
A jackal is nearby!
You hit the jackal.
The jackal is almost dead.
The jackal bites you.
You closely miss the jackal.
The jackal is almost dead.
The jackal bites you.
* * * LOW HITPOINT WARNING * * *
You hit the jackal.
You kill the jackal!
Your Polearms skill increases to level 3!
You start resting.
HP restored.
You now have 6 gold pieces.
d - a scroll labelled CYOBLO BAFUE An endoplasm comes into view.
Found 3 stones.
An endoplasm is nearby!
A hobgoblin comes into view.
The endoplasm quivers.
You reach to attack!
You hit the endoplasm.
You kill the endoplasm!
The hobgoblin shouts!
You barely miss the hobgoblin. The hobgoblin misses you.
You hit the hobgoblin but do no damage. The hobgoblin misses you.
A hobgoblin is nearby!
A hobgoblin is nearby!
You hit the hobgoblin but do no damage. The hobgoblin misses you.
You hit the hobgoblin but do no damage. The hobgoblin misses you.
You closely miss the hobgoblin. The hobgoblin misses you.
You barely miss the hobgoblin. The hobgoblin hits you.
You hit the hobgoblin.
The hobgoblin is almost dead.
The hobgoblin misses you.
You hit the hobgoblin.
You kill the hobgoblin!
No target in view!
No target in view!
No target in view!
You open the door.
There is an open door here.
There is an open door here.
You open the door.
There is an open door here.
You now have 25 gold pieces (gained 19).
You open the door.
There is an open door here.
You now have 30 gold pieces (gained 5).
You open the door.
There is an open door here.
A rat comes into view.
You see here a pink potion.
A rat is nearby!
A rat is nearby!
A jackal and a frilled lizard come into view.
Found a stone staircase leading down.
The jackal barks!
The frilled lizard hisses angrily.
You hit the rat but do no damage. You hit the rat.
You kill the rat!
You have reached level 2!
Your demonic ancestry asserts itself...
A menacing aura infuses your magic.
You reach to attack!
You hit the jackal.
The jackal is almost dead.
You barely miss the jackal.
The jackal is almost dead.
The jackal bites you.
You hit the jackal.
You kill the jackal!
You barely miss the frilled lizard. The frilled lizard barely misses you.
You hit the frilled lizard.
You kill the frilled lizard!
No target in view!
No target in view!
No target in view!
No target in view!
No target in view!
No target in view!
No target in view!
No target in view!
No target in view!
No target in view!
e - a pink potion You see here a jackal corpse.
f - a fuming white potion
g - a scroll labelled NOQASHR JATUSM You open the door.
There is an open door here.
A hobgoblin comes into view.
The hobgoblin shouts!
The hobgoblin moves out of view.
No target in view!
No target in view!
No target in view!
No target in view!
No target in view!
No target in view!
A hobgoblin is nearby!
A hobgoblin is nearby!
You reach to attack!
You hit the hobgoblin but do no damage. You hit the hobgoblin.
The hobgoblin is moderately wounded.
The hobgoblin closely misses you.
You hit the hobgoblin but do no damage.
The hobgoblin is moderately wounded.
The hobgoblin closely misses you.
A hobgoblin comes into view.
You closely miss the hobgoblin.
The hobgoblin is moderately wounded.
The hobgoblin hits you.
The hobgoblin shouts!
You hit the hobgoblin but do no damage.
The hobgoblin is moderately wounded.
The hobgoblin closely misses you.
You hit the hobgoblin.
You kill the hobgoblin!
You reach to attack!
You hit the hobgoblin.
The hobgoblin is heavily wounded.
You hit the hobgoblin but do no damage.
The hobgoblin is heavily wounded.
The hobgoblin barely misses you.
A hobgoblin is nearby!
A hobgoblin is nearby!
You closely miss the hobgoblin.
The hobgoblin is heavily wounded.
The hobgoblin hits you but does no damage.
You hit the hobgoblin.
The hobgoblin is severely wounded.
The hobgoblin completely misses you.
You hit the hobgoblin.
You kill the hobgoblin!
No target in view!
No target in view!
No target in view!
No target in view!
A ball python comes into view.
A ball python is nearby!
A goblin comes into view. It is wielding a +0 club.
The goblin shouts!
You hit the ball python.
You kill the ball python!
You reach to attack!
You hit the goblin.
The goblin is moderately wounded.
You barely miss the goblin.
The goblin is moderately wounded.
The goblin hits you with a +0 club.
You hit the goblin.
You kill the goblin!
No target in view!
No target in view!
No target in view!
No target in view!
h - a +4 ring of protection You open the door.
A hobgoblin and an endoplasm come into view.
The endoplasm quivers.
There is an open door here.
You hit the endoplasm.
The endoplasm is moderately wounded.
The endoplasm hits you but does no damage.
You hit the endoplasm but do no damage.
The endoplasm is moderately wounded.
The endoplasm freezes you.
You are frozen.
You hit the endoplasm.
The endoplasm is severely wounded.
The endoplasm closely misses you.
You hit the endoplasm.
You kill the endoplasm!
The hobgoblin shouts!
You hit the hobgoblin.
The hobgoblin is severely wounded.
The hobgoblin closely misses you.
You hit the hobgoblin.
You kill the hobgoblin!
You open the door.
There is an open door here.
A rat comes into view.
A rat is nearby!
You reach to attack!
You hit the rat.
You kill the rat!
No target in view!
No target in view!
No target in view!
No target in view!
No target in view!
No target in view!
You now have 42 gold pieces (gained 12).
A bat comes into view.
A bat is nearby!
A bat is nearby!
A goblin, a frilled lizard and a kobold come into view.
The kobold is wielding a +0 whip of venom.
Found a stone staircase leading down.
A quokka comes into view.
You completely miss the bat. The bat hits you.
You hit the bat.
The bat is heavily wounded.
The goblin shouts!
The bat misses you.
You reach to attack!
The frilled lizard hisses angrily.
The kobold shouts!
You hit the bat but do no damage.
The bat is heavily wounded.
The bat hits you but does no damage.
You barely miss the bat.
The bat is heavily wounded.
The bat closely misses you.
A giant cockroach comes into view.
You reach to attack!
You closely miss the bat.
The bat is heavily wounded.
The bat barely misses you.
You reach to attack!
You hit the bat.
You kill the bat!
An endoplasm comes into view.
You miss the quokka. The quokka bites you.
You hit the quokka.
The quokka is moderately wounded.
The quokka bites you.
An endoplasm comes into view.
The goblin hits you with a +0 dagger.
You are too injured to fight recklessly!
There are monsters nearby!
There are monsters nearby!
You are too injured to fight recklessly!
The quokka misses you. The kobold attacks as you move away!
The kobold hits you but does no damage.
You are poisoned.
The giant cockroach attacks as you move away!
The giant cockroach bites you.
* * * LOW HITPOINT WARNING * * *
You feel very sick.
The giant cockroach attacks as you move away!
The giant cockroach barely misses you.
You feel sick. The giant cockroach closely misses you.
You hit the giant cockroach.
The giant cockroach is severely wounded.
You feel sick. The giant cockroach closely misses you.
You closely miss the giant cockroach.
The giant cockroach is severely wounded.
You feel sick.
The kobold hits you with a +0 whip of venom.
* * * LOW HITPOINT WARNING * * *
You are more poisoned.
The giant cockroach barely misses you.
You hit the giant cockroach.
You kill the giant cockroach!
You die...

##.....#......##...#........#
##.....#......+....#........#
#.....#......#....#........#
#.....'......#....#........#
###+####......##...#........#
# ..#.#
#......##...#######'##..#
#...#
#......##....†..........#
....#
#......##...............#
.##.##
########K@###############
.....# ###g†## .##..#
#..r###.# .# .# #..l.g..# .+
.. #.......# .# ...
#..†....... .# . #..........
.# #.......... .# #.J........


You could see a quokka, a goblin, a kobold and a frilled lizard.

Vanquished Creatures
  3 endoplasms (D:1)
  A giant cockroach (D:1)
  A goblin (D:1)
  4 hobgoblins (D:1)
  3 jackals (D:1)
  A ball python (D:1)
  2 bats (D:1)
  A frilled lizard (D:1)
  2 rats (D:1)
18 creatures vanquished.

Vanquished Creatures (others)
  3 toadstools (D:1)
3 creatures vanquished.

Grand Total: 21 creatures vanquished

Notes
Turn   | Place    | Note
-------+----------+-------------------------------------------
     0 | D:1      | sleeves the Demonspawn Monk began the quest for the Orb.
     0 | D:1      | Reached XP level 1. HP: 18/18 MP: 1/1
    57 | D:1      | HP: 8/18 [jackal (2)]
    59 | D:1      | Reached skill level 3 in Polearms
   224 | D:1      | Gained mutation: Spells you cast may paralyse adjacent
                  | enemies. [demonic ancestry]
   224 | D:1      | Reached XP level 2. HP: 24/24 MP: 2/2
   395 | D:1      | HP: 11/24 [poisoned by a kobold]
   398 | D:1      | HP: 2/24 [kobold/+0 whip of venom (4)]
   399 | D:1      | Succumbed to a kobold's poison

Illustrated notes

Levels and vault maps discovered:
D:1:      mrwooster_arrival_statue_2, layout_basic, minmay_misc_feat_rows,
          st_stairs_14, minmay_gold_behind_fungi, minmay_misc_feat_columns,
          minivault_25

Skill      XL: |  1 |
---------------+----+-----
Polearms       | 3 |  3.6
Fighting       | |  3.0
Dodging        | |  2.6
Stealth        | |  1.7

Action                   || total
-------------------------++-------
Melee: Spear             ||    69
 Stab: Sleeping          ||     2
Armor: Robe              ||     6
Dodge: Dodged            ||    31

Table legend: (Time is in decaauts)
 A = Elapsed time spent in this place.
 B = Non-inter-level travel time spent in this place.
 C = Inter-level travel time spent in this place.
 D = Time resting spent in this place.
 E = Time spent auto-exploring this place.
 F = Levels seen in this place.
 G = Mean time per level.
                   A        B        C        D        E       F      G
               +--------+--------+--------+--------+--------+-----+--------+
         Total |    395 |    395 |      0 |     42 |    235 |   1 |  395.0 |
       Dungeon |    395 |    395 |      0 |     42 |    235 |   1 |  395.0 |
               +--------+--------+--------+--------+--------+-----+--------+

Top non-repeatable levels by time:
     D:1: 395 daAuts
